 Dungeon Crawl Stone Soup version 0.27.1 (webtiles) character file.

Game seed: 1783909143210944385

87 Destapler the Skirmisher (level 4, 0/38 (40) HPs)
             Began as a Minotaur Abyssal Knight on Aug 24, 2021.
             Was a Believer of Lugonu.
             Slain by an orc priest (3 damage)
             ... on level 3 of the Dungeon.
             The game lasted 00:05:30 (2315 turns).

Destapler the Skirmisher (Minotaur Abyssal Knight)  Turns: 2315, Time: 00:05:31

HP:   0/38 (40)     AC:  6    Str: 17    XL:     4   Next: 28%
MP:   4/4           EV: 11    Int:  9    God:    Lugonu [**....]
Gold: 54            SH:  0    Dex: 10    Spells: 3/3 levels left

rFire    . . .     SeeInvis .   a - +1 falchion
rCold    . . .     Faith    +   (no shield)
rNeg     . . .     Spirit   .   b - +0 leather armour
rPois    .         Reflect  .   (helmet restricted)
rElec    .         Harm     .   (no cloak)
rCorr    .         Rampage  .   (no gloves)
Will     .....                  e - +2 pair of boots
Stlth    +.........             c - amulet of faith
HPRegen  0.12/turn              (no ring)
MPRegen  0.09/turn              (no ring)

@: drained
A: horns 2, retaliatory headbutt
a: Renounce Religion, Depart the Abyss, Bend Space


You were on level 3 of the Dungeon.
You worshipped Lugonu.
Lugonu was pleased with you.
You visited 1 branch of the dungeon, and saw 3 of its levels.
You visited the Abyss 1 time.

You collected 54 gold pieces.

Inventory:

Hand Weapons
 a - a +1 falchion (weapon)
Missiles
 k - 6 javelins
 n - 3 boomerangs
Armour
 b - a +0 leather armour (worn)
 e - a +2 pair of boots (worn)
Jewellery
 c - an amulet of faith (around neck)
 h - an amulet of the acrobat
Scrolls
 d - 2 scrolls of holy word {unknown}
 f - a scroll of silence {unknown}
 i - a scroll of immolation {unknown}
 j - 2 scrolls of magic mapping {unknown}
 m - a scroll of torment {unknown}
Potions
 g - 2 potions of magic {unknown}
 l - a potion of haste {unknown}


   Skills:
 + Level 4.2 Fighting
 + Level 3.3 Long Blades
 - Level 3.0 Armour
 + Level 2.1 Dodging
 + Level 1.0 Shields
 + Level 2.5 Invocations


You had 3 spell levels left.
You didn't know any spells.
Your spell library contained the following spells:

 Spells                   Type           Power      Damage    Failure   Level
 Animate Skeleton         Necr           0%         N/A       43%         1
 Corona                   Hex            0%         N/A       43%         1
 Foxfire                  Conj/Fire      0%         2x1d4     43%         1
 Pain                     Necr           0%         1d4       43%         1
 Sandblast                Erth           0%         2d4       43%         1
 Ensorcelled Hibernation  Hex/Ice        0%         N/A       58%         2
 Conjure Flame            Conj/Fire      0%         6-21      82%         3
 Inner Flame              Hex/Fire       0%         N/A       82%         3
 Stone Arrow              Conj/Erth      0%         3d7       82%         3
 Tukima's Dance           Hex            0%         N/A       82%         3
 Vampiric Draining        Necr           0%         2d6       82%         3
 Cause Fear               Hex            0%         N/A       99%         4
 Bolt of Magma            Conj/Fire/Erth 0%         4d4       100%        5
 Discord                  Hex            0%         N/A       100%        8
 Shatter                  Erth           0%         3d5*      100%        9


Dungeon Overview and Level Annotations

Branches:
Dungeon (3/15)

Altars:


Innate Abilities, Weirdness & Mutations

You have a pair of horns on your head.
You reflexively headbutt those who attack you in melee.


Message History

The orc shouts!
You hit the orc. You headbutt the orc.
You kill the orc!
Lugonu accepts your kill.
You barely miss the orc priest. Your headbutt misses the orc priest.
The kobold hits you but does no damage.
The orc priest hits you but does no damage.
An orc comes into view. It is wielding a +0 club.
The orc shouts!
You hit the orc priest.
The orc priest is moderately wounded.
The kobold completely misses you. You furiously retaliate!
You headbutt the kobold!
You kill the kobold!
Lugonu accepts your kill.
A ball python comes into view.
The orc priest hits you with a +0 dagger.
You barely miss the orc priest.
The ball python hisses angrily.
Your headbutt misses the orc priest.
The orc priest is moderately wounded.
The orc priest hits you with a +0 dagger.
* * * LOW HITPOINT WARNING * * *
You hit the orc priest. Your headbutt misses the orc priest.
The orc priest is moderately wounded.
The orc priest invokes the aid of Beogh against you.
Pain shoots through your body!
* * * LOW HITPOINT WARNING * * *
You slash the orc priest!
The orc priest is almost dead.
The orc priest closely misses you.
You riposte.
You barely miss the orc priest. Your headbutt misses the orc priest.
The orc priest is almost dead.
You closely miss the orc priest.
The orc priest is almost dead.
The orc priest mumbles some strange prayers to Beogh against you.
Pain shoots through your body!
* * * LOW HITPOINT WARNING * * *
The orc priest hits you with a +0 dagger.
You die...

########
##......##
#........##
#.^##.....##
#....#.....#
#.^##.#....#
#....#.#...#
#.^##.#.#..#
#...#.#.#.@#
#.._#.#.#.o)oo....
#.^.#.#.#..##.....
#..##.#.#... ....
# #....#.#..###
... # #..##.#...#
.. ## #††..#.....
. .# #†.##P..## .#
####......##


You could see an orc priest and 2 orcs.

Vanquished Creatures
  3 adders (D:2)
  2 worms (D:2)
  2 dart slugs (D:2)
  3 orcs (D:3)
  3 endoplasms
  7 hobgoblins
  3 jackals (D:3)
  3 quokkas (D:1)
  3 ball pythons
  4 bats
  3 frilled lizards
  2 goblins
  4 kobolds
  5 rats
47 creatures vanquished.

Vanquished Creatures (others)
  3 fungi (D:3)
  A plant (D:3)
4 creatures vanquished.

Grand Total: 51 creatures vanquished

Notes
Turn   | Place    | Note
-------+----------+-------------------------------------------
     0 | Abyss:1  | Destapler the Minotaur Abyssal Knight began the quest for
                  | the Orb.
     0 | Abyss:1  | Reached XP level 1. HP: 19/19 MP: 1/1
    63 | Abyss:1  | Noticed an orange demon
    70 | D:1      | Escaped the Abyss
   262 | D:1      | Reached * piety under Lugonu
   440 | D:1      | Reached XP level 2. HP: 27/27 MP: 2/2
  1445 | D:2      | Reached skill level 4 in Fighting
  1445 | D:2      | Reached XP level 3. HP: 27/33 MP: 3/3
  1869 | D:2      | Reached ** piety under Lugonu
  2048 | D:2      | Reached XP level 4. HP: 40/40 MP: 4/4
  2256 | D:3      | Found a faded altar of an unknown god.
  2293 | D:3      | Got Plato's Disquisition on Earth
  2308 | D:3      | Reached skill level 1 in Shields
  2315 | D:3      | Slain by an orc priest

Illustrated notes

Levels and vault maps discovered:
D:1:      dpeg_arrival_court, layout_loops_ring, due_unseen_surprise
D:2:      layout_basic
D:3:      layout_rooms, shapermc_ecumenical_altar_rom_forum, serial_shops,
          nicolae_shop_behind_doors

Skill      XL: |  1  2  3  4 |
---------------+-------------+-----
Invocations    | 2 |  2.5
Fighting       | 4 |  4.2
Long Blades    | 3 |  3.3
Armour         | 3 |  3.0
Dodging        | 2 |  2.1
Shields        | 1 |  1.0

Action                   |  1- 3 |  4- 6 || total
-------------------------+-------+-------++-------
Melee: Falchion          |    81 |    27 ||   108
       Headbutt          |     8 |     4 ||    12
Invok: Depart the Abyss  |     1 |       ||     1
Armor: Leather armour    |    26 |     7 ||    33
Dodge: Dodged            |    51 |    20 ||    71
       Rpst.: Falchion   |    16 |     8 ||    24
